 Dungeon Crawl Stone Soup version 0.21.1-1-g345015f (webtiles) character file.

302 RollingDesktops the Grasshopper (level 6, -11/50 HPs)
             Began as a Gnoll Warper on Feb 8, 2018.
             Mangled by an ogre
             ... wielding a +0 giant club
              (24 damage)
             ... on level 4 of the Dungeon on Feb 13, 2018.
             The game lasted 00:21:49 (4461 turns).

RollingDesktops the Grasshopper (Gnoll Warper)      Turns: 4461, Time: 00:21:50

Health: -11/50     AC:  6    Str: 11 (14) XL:     6   Next: 37%
Magic:  10/14      EV: 14    Int: 13      God:    Xom [*.....]
Gold:   174        SH:  4    Dex: 12 (14) Spells: 3/15 levels left

rFire    . . .     SeeInvis .   y - +0 rapier
rCold    . . .     Gourm    .   (no shield)
rNeg     . . .     Faith    .   r - +2 robe {MR+}
rPois    .         Spirit   .   A - +0 helmet
rElec    .         Reflect  +   (no cloak)
rCorr    .         Harm     .   (no gloves)
MR       +....                  j - +0 pair of boots
Stlth    ++........             w - +4 amulet of reflection
HPRegen  0.16/turn              (no ring)
MPRegen  0.14/turn              (no ring)

@: no status effects
A: distributed training, fangs 1, clumsy 1, dopey 1, strong nose
a: Renounce Religion


You were on level 4 of the Dungeon.
You worshipped Xom.
You were a special plaything of Xom.
You were not hungry.

You visited 1 branch of the dungeon, and saw 4 of its levels.

You collected 174 gold pieces.

Inventory:

Hand Weapons
 a - a +0 falchion
 y - a +0 rapier (weapon)
Armour
 b - a +0 leather armour
 j - a +0 pair of boots (worn)
 r - a +2 robe of magic resistance (worn)
 A - a +0 helmet (worn)
Jewellery
 e - an uncursed amulet of inaccuracy
 w - a +4 amulet of reflection (around neck)
Wands
 k - a wand of paralysis (8)
Scrolls
 d - a scroll of blinking
 h - a scroll of fog
 i - a scroll of amnesia
 q - 2 scrolls of enchant armour
 s - 3 scrolls of remove curse
 v - 3 scrolls of identify
 x - 3 scrolls of teleportation
 z - a scroll of random uselessness {unknown}
Potions
 g - a potion of haste
 o - a potion of degeneration
 t - a potion of flight {unknown}
 u - a potion of might {unknown}
Books
 c - a book of Spatial Translocations

   Spells                             Type                      Level
   a - Blink                          Translocation                2
   b - Shroud of Golubria             Charms/Translocation         2
   c - Lesser Beckoning               Translocation                3
   d - Gell's Gravitas                Translocation                3
   e - Teleport Other                 Translocation                3
   f - Passage of Golubria            Translocation                4


   Skills:
 + Level 4.9 Fighting
 + Level 1.9 Short Blades
 + Level 4.9 Long Blades
 + Level 1.9 Axes
 + Level 1.9 Maces & Flails
 + Level 1.9 Polearms
 + Level 1.9 Staves
 + Level 1.9 Slings
 + Level 1.9 Bows
 + Level 1.9 Crossbows
 + Level 3.2 Throwing
 + Level 3.2 Armour
 + Level 4.9 Dodging
 + Level 1.9 Stealth
 + Level 1.9 Shields
 + Level 1.9 Unarmed Combat
 + Level 5.3 Spellcasting
 + Level 1.5 Conjurations
 + Level 1.5 Hexes
 + Level 1.5 Charms
 + Level 1.5 Summonings
 + Level 1.5 Necromancy
 + Level 5.6 Translocations
 + Level 1.5 Transmutations
 + Level 1.5 Fire Magic
 + Level 1.5 Ice Magic
 + Level 1.5 Air Magic
 + Level 1.5 Earth Magic
 + Level 1.5 Poison Magic
 + Level 2.1 Invocations
 + Level 1.9 Evocations


You had 3 spell levels left.
You knew the following spells:

 Your Spells              Type           Power        Failure   Level  Hunger
a - Passage of Golubria   Tloc           N/A          17%         4    ####...
b - Teleport Other        Tloc           ###.....     5%          3    ###....
c - Gell's Gravitas       Tloc           ###.......   5%          3    ###....
d - Blink                 Tloc           N/A          2%          2    ##.....


Dungeon Overview and Level Annotations

Branches:
Dungeon (4/15)
 Temple: D:4-7

Altars:
Ashenzari
Xom
Zin

Annotations:
D:4 Blork the orc


Innate Abilities, Weirdness & Mutations

Your experience applies equally to all skills.
You have very sharp teeth.
Your uncanny sense of smell can sniff out nearby items.
You are clumsy. (Dex -2)
You are dopey. (Int -2)


Message History

Your iron imp dies!
You are now a special plaything of Xom.
The ogre hits you with a giant club. The ogre hits you with a giant club!
The ogre misses you. The ogre hits you with a giant club!!
Ouch! That really hurt!
* * * LOW HITPOINT WARNING * * *
You feel better. You block the ogre's attack.
Okay, then.
Cast which spell? (? or * to list)
Aiming: Passage of Golubria
Press: ? - help, Dir - move target cursor The ogre hits you with a giant club.
* * * LOW HITPOINT WARNING * * *
You enter the passage of Golubria.
There is a passage of Golubria here.
The ogre hits you with a giant club!!
You die...
Xom roars with laughter!

..##...# .8##...# ## #...#
####...# .#.....# .##.#.##
....#.##### ..........#
######## ##..#####.####
#@.....##### .##.#####.(..#
#O##.......#
.##.##.......###^##.#.###.#
.###..........§.....#.# ..
######.######.####.# .O.
#.# #.####.# ≈... #.#
#......# ≈≈... #.# ########
.≈≈... #.#


You could see an ogre.

Vanquished Creatures
  The ghost of Frank the Slasher, an amateur OpFi (D:4)
  Jessica (D:2)
  5 adders
  A worm (D:2)
  2 leopard geckos
  An orc (D:3)
  8 giant cockroaches
  7 goblins
  9 hobgoblins
  9 jackals
  A quokka (D:3)
  7 bats
  5 frilled lizards
  8 kobolds
  5 rats
70 creatures vanquished.

Notes
Turn   | Place    | Note
-------+----------+-------------------------------------------
     0 | D:1      | RollingDesktops the Gnoll Warper began the quest for the Orb.
     0 | D:1      | Reached XP level 1. HP: 20/20 MP: 6/6
   282 | D:1      | Reached XP level 2. HP: 9/26 MP: 7/7
   302 | D:1      | HP: 1/26 [hobgoblin (3)]
  1412 | D:2      | Reached skill level 5 in Spellcasting
  1412 | D:2      | Reached XP level 3. HP: 30/31 MP: 7/9
  1632 | D:2      | Reached skill level 1 in Invocations
  1665 | D:2      | Found a shimmering altar of Xom.
  1666 | D:2      | Noticed an angel
  1669 | D:2      | Found a glowing silver altar of Zin.
  1739 | D:2      | Became a worshipper of Xom of Chaos
  1977 | D:2      | Reached skill level 1 in Short Blades
  1977 | D:2      | Reached skill level 1 in Axes
  1977 | D:2      | Reached skill level 1 in Maces & Flails
  1977 | D:2      | Reached skill level 1 in Polearms
  1977 | D:2      | Reached skill level 1 in Staves
  1977 | D:2      | Reached skill level 1 in Slings
  1977 | D:2      | Reached skill level 1 in Bows
  1977 | D:2      | Reached skill level 1 in Crossbows
  1977 | D:2      | Reached skill level 1 in Stealth
  1977 | D:2      | Reached skill level 1 in Shields
  1977 | D:2      | Reached skill level 1 in Unarmed Combat
  1977 | D:2      | Reached skill level 1 in Evocations
  1977 | D:2      | Reached XP level 4. HP: 22/38 MP: 11/11
  2152 | D:2      | Noticed Jessica
  2162 | D:2      | XOM: butterfly on damage
  2163 | D:2      | XOM: divination: detect creatures
  2169 | D:2      | Killed Jessica
  2623 | D:3      | Found a shattered altar of Ashenzari.
  2703 | D:3      | Reached skill level 1 in Conjurations
  2703 | D:3      | Reached skill level 1 in Hexes
  2703 | D:3      | Reached skill level 1 in Charms
  2703 | D:3      | Reached skill level 1 in Summonings
  2703 | D:3      | Reached skill level 1 in Necromancy
  2703 | D:3      | Reached skill level 1 in Transmutations
  2703 | D:3      | Reached skill level 1 in Fire Magic
  2703 | D:3      | Reached skill level 1 in Ice Magic
  2703 | D:3      | Reached skill level 1 in Air Magic
  2703 | D:3      | Reached skill level 1 in Earth Magic
  2703 | D:3      | Reached skill level 1 in Poison Magic
  2709 | D:3      | XOM: divination: detect creatures
  3237 | D:3      | Reached XP level 5. HP: 43/43 MP: 12/12
  3444 | D:3      | XOM: medium Erth miscast
  3732 | D:4      | Noticed Frank's ghost (amateur OpFi)
  3741 | D:4      | XOM: swap monsters
  3752 | D:4      | XOM: give mutations
  3752 | D:4      | Gained mutation: You are clumsy. (Dex -2) [Xom's mischief]
  3752 | D:4      | Gained mutation: You are dopey. (Int -2) [Xom's mischief]
  3992 | D:4      | XOM: 2-stop teleportation journey
  4052 | D:4      | XOM: polymorph jackal -> kobold
  4064 | D:4      | XOM: cast spell 'Death Channel'
  4066 | D:4      | XOM: cast spell 'Death Channel'
  4072 | D:4      | XOM: scenery: create altars
  4073 | D:4      | XOM: confuse monster(s)
  4089 | D:4      | XOM: summons friendly white imp
  4104 | D:4      | XOM: snakes to sticks
  4121 | D:4      | Killed Frank's ghost
  4121 | D:4      | Reached XP level 6. HP: 30/50 MP: 14/14
  4126 | D:4      | XOM: 4-stop teleportation journey
  4127 | D:4      | Noticed Blork the orc
  4157 | D:4      | Found a shattered altar of Ashenzari.
  4208 | D:4      | Learned a level 4 spell: Passage of Golubria
  4212 | D:4      | Learned a level 3 spell: Teleport Other
  4216 | D:4      | Learned a level 3 spell: Gell's Gravitas
  4219 | D:4      | Learned a level 2 spell: Blink
  4366 | D:4      | XOM: butterfly on damage
  4387 | D:4      | XOM: noise
  4422 | D:4      | XOM: summons friendly iron imp
  4461 | D:4      | Mangled by an ogre

Skill      XL: |  1  2  3  4  5 |
---------------+----------------+-----
Spellcasting   | 5 |  5.3
Invocations    | 1 2 |  2.1
Short Blades   | 1 |  1.9
Axes           | 1 |  1.9
Maces & Flails | 1 |  1.9
Polearms       | 1 |  1.9
Staves         | 1 |  1.9
Slings         | 1 |  1.9
Bows           | 1 |  1.9
Crossbows      | 1 |  1.9
Stealth        | 1 |  1.9
Shields        | 1 |  1.9
Unarmed Combat | 1 |  1.9
Evocations     | 1 |  1.9
Conjurations   | 1 |  1.5
Hexes          | 1 |  1.5
Charms         | 1 |  1.5
Summonings     | 1 |  1.5
Necromancy     | 1 |  1.5
Transmutations | 1 |  1.5
Fire Magic     | 1 |  1.5
Ice Magic      | 1 |  1.5
Air Magic      | 1 |  1.5
Earth Magic    | 1 |  1.5
Poison Magic   | 1 |  1.5
Throwing       | 3 |  3.2
Armour         | 3 |  3.2
Fighting       | |  4.9
Long Blades    | |  4.9
Dodging        | |  4.9
Translocations | |  5.6

Action                   |  1- 3 |  4- 6 || total
-------------------------+-------+-------++-------
Melee: Falchion          |    98 |    44 ||   142
       Bite              |    16 |    18 ||    34
       Punch             |     1 |       ||     1
       Rapier            |       |   100 ||   100
Throw: Tomahawk          |       |     5 ||     5
 Cast: Passage of Golubr |       |     1 ||     1
  Use: Scroll            |     6 |     3 ||     9
       Potion            |       |     7 ||     7
  Eat: Ration            |     1 |     3 ||     4
Armor: Leather armour    |    26 |     7 ||    33
       Robe              |     1 |    55 ||    56
Dodge: Dodged            |   103 |   192 ||   295
Block: Other             |       |     1 ||     1
       Rpst.: Falchion   |    37 |    31 ||    68
